APP
GREENEVILLE ASTROS @ OAKLAND (APP) ATHLETICS
08/22/2048
 
TOP OF THE 1ST
Greeneville Astros batting - Pitching for Oakland (APP) Athletics : LHP Josh Bologna
Pitching: LHP Josh Bologna
Batting: RHB John Moore 0-0: Ball
1-0: Called Strike
1-1: SINGLE (Groundball, 4MD, EV 93.8 MPH)
Batting: RHB Keith Goodwin 0-0: Called Strike
0-1: Called Strike
0-2: Ball
1-2: Ball
2-2: Ball
3-2: 2-RUN HOME RUN (Line Drive, 7D, EV 105.6 MPH), Distance : 392 ft
Batting: RHB Yoshitoshi Mori 0-0: Called Strike
0-1: Swinging Strike
0-2: Strikes out swinging
Batting: RHB Hugo Priego 0-0: Called Strike
0-1: Ball
1-1: Ball
2-1: DOUBLE (Line Drive, 9LD, EV 111.9 MPH)
Batting: RHB Roger Pelley 0-0: Called Strike
0-1: Ball
Hugo Priego steals 3rd, throwing error, E2
Hugo Priego scores
1-1: Fly out, F4 (Line Drive, 4, EV 71.9 MPH)
Batting: LHB Guadalupe Gonzalez 0-0: Foul Ball, location: 2F
0-1: Ball
1-1: Called Strike
1-2: Strikes out looking
Top of the 1st over - 3 runs, 3 hits, 1 error, 0 left on base; Greeneville 3 - Oakland (APP) 0
BOTTOM OF THE 1ST
Oakland (APP) Athletics batting - Pitching for Greeneville Astros : LHP Jeremy Mellott
Pitching: LHP Jeremy Mellott
Batting: RHB Scott Lister 0-0: Ball
1-0: Swinging Strike
1-1: Called Strike
1-2: Ball
2-2: Ball
3-2: Base on Balls
Batting: RHB Gabe Secundino 0-0: Called Strike
0-1: Ball
1-1: Foul Ball, location: 2F
1-2: Ball
2-2: Foul Ball, location: 2F
2-2: Ball
3-2: Fielders Choice at 2nd, 5-4 (Groundball, 56, EV 92.5 MPH)
Batting: LHB Alejandro Muniz 0-0: Foul Ball, location: 2F
0-1: SINGLE (Groundball, 4MD, EV 101.9 MPH)
Gabe Secundino to second
Batting: LHB Roscoe Romaine 0-0: 3-RUN HOME RUN (Flyball, 89XD, EV 103.8 MPH), Distance : 385 ft
Batting: RHB Rafael Alarcon 0-0: Called Strike
0-1: SOLO HOME RUN (Flyball, 7D, EV 98.8 MPH), Distance : 387 ft
Batting: RHB Ryan Jennings 0-0: Ball
1-0: Called Strike
1-1: Ball
2-1: Ball
3-1: Foul Ball, location: 2F
3-2: Base on Balls
Batting: LHB Felipe Gomez 0-0: Ball
1-0: Swinging Strike
1-1: Called Strike
1-2: Ball
Wild Pitch!
Ryan Jennings to second
2-2: Strikes out swinging
Batting: RHB Phoctor Dill 0-0: Called Strike
0-1: Ball
1-1: SINGLE (Line Drive, 9S, EV 99.4 MPH)
Ryan Jennings to third
Batting: LHB Bill Helmer 0-0: Called Strike
0-1: Called Strike
0-2: Ball
1-2: Ball
2-2: Ball
3-2: Foul Ball, location: 2F
3-2: Foul Ball, location: 2F
3-2: Foul Ball, location: 2F
3-2: Strikes out swinging
Bottom of the 1st over - 4 runs, 4 hits, 0 errors, 2 left on base; Greeneville 3 - Oakland (APP) 4
TOP OF THE 2ND
Greeneville Astros batting - Pitching for Oakland (APP) Athletics : LHP Josh Bologna
Batting: LHB Ryan Fridley 0-0: Ball
1-0: SINGLE (Groundball, 4, EV 103.1 MPH)
Batting: RHB Devon Healy 0-0: Called Strike
0-1: Foul Ball, location: 2F
0-2: Ball
Wild Pitch!
Ryan Fridley to second
1-2: Ball
2-2: Ball
3-2: Strikes out swinging
Batting: LHB Gong Tow 0-0: Fly out, F4 (Popup, 34S, EV 77.5 MPH)
Batting: RHB John Moore 0-0: Ball
1-0: Ball
2-0: Reached on error, E6 (Groundball, 6, EV 81.2 MPH)
Ryan Fridley to third
Batting: RHB Keith Goodwin 0-0: Ground out 4-3 (Groundball, 4, EV 82.5 MPH)
Top of the 2nd over - 0 runs, 1 hit, 1 error, 2 left on base; Greeneville 3 - Oakland (APP) 4
BOTTOM OF THE 2ND
Oakland (APP) Athletics batting - Pitching for Greeneville Astros : LHP Jeremy Mellott
Batting: RHB Scott Lister 0-0: Ball
1-0: Ball
2-0: Foul Ball, location: 2F
2-1: Foul Ball, location: 2F
2-2: Ball
3-2: Ground out 4-3 (Groundball, 4S, EV 91.2 MPH)
Batting: RHB Gabe Secundino 0-0: Called Strike
0-1: Ball
1-1: Called Strike
1-2: Foul Ball, location: 2F
1-2: Foul Ball, location: 2F
1-2: Fly out, F7 (Flyball, 78S, EV 90.6 MPH)
Batting: LHB Alejandro Muniz 0-0: Called Strike
0-1: Foul Ball, location: 2F
0-2: Fly out, F7 (Flyball, 7S, EV 86.9 MPH)
Bottom of the 2nd over - 0 runs, 0 hits, 0 errors, 0 left on base; Greeneville 3 - Oakland (APP) 4
TOP OF THE 3RD
Greeneville Astros batting - Pitching for Oakland (APP) Athletics : LHP Josh Bologna
Batting: RHB Yoshitoshi Mori 0-0: Swinging Strike
0-1: Swinging Strike
0-2: SOLO HOME RUN (Flyball, 7LD, EV 90.6 MPH), Distance : 339 ft
Batting: RHB Hugo Priego 0-0: Ball
1-0: SINGLE (Groundball, 34D, EV 96.2 MPH)
Batting: RHB Roger Pelley 0-0: Called Strike
0-1: Called Strike
0-2: Ball
1-2: Strikes out looking
Batting: LHB Guadalupe Gonzalez 0-0: Ball
1-0: Ball
2-0: Ball
3-0: Swinging Strike
3-1: Foul Ball, location: 2F
3-2: Strikes out looking
Batting: LHB Ryan Fridley 0-0: Ball
Hugo Priego steals 2nd base
1-0: Ball
2-0: Ground out 6-3 (Groundball, 6, EV 103.8 MPH)
Top of the 3rd over - 1 run, 2 hits, 0 errors, 1 left on base; Greeneville 4 - Oakland (APP) 4
BOTTOM OF THE 3RD
Oakland (APP) Athletics batting - Pitching for Greeneville Astros : LHP Jeremy Mellott
Batting: LHB Roscoe Romaine 0-0: Foul Ball, location: 2F
0-1: Ball
1-1: Ball
2-1: Foul Ball, location: 2F
2-2: Foul Ball, location: 2F
2-2: SINGLE (Groundball, 34D, EV 105.0 MPH)
Batting: RHB Rafael Alarcon 0-0: Ball
Wild Pitch!
Roscoe Romaine to second
1-0: Swinging Strike
1-1: Ball
2-1: Ball
3-1: Swinging Strike
3-2: Base on Balls
Batting: RHB Ryan Jennings 0-0: Called Strike
0-1: Foul Ball, location: 2F
0-2: Ball
1-2: Ball
2-2: Foul Ball, location: 2F
2-2: Ball
Passed Ball!
Roscoe Romaine to third
Rafael Alarcon to second
3-2: Foul Ball, location: 2F
3-2: Foul Ball, location: 2F
3-2: Foul Ball, location: 2F
3-2: Fly out, F7 (Flyball, 7, EV 81.9 MPH)
Batting: LHB Felipe Gomez 0-0: Called Strike
0-1: Ball
1-1: DOUBLE (Line Drive, 89XD, EV 108.1 MPH)
Roscoe Romaine scores
Rafael Alarcon scores
Pitching: RHP Vinny Salazar
Batting: RHB Phoctor Dill 0-0: Ground out 5-3 (Groundball, 56S, EV 90.6 MPH)
Batting: LHB Bill Helmer 0-0: Ball
1-0: Ball
2-0: Ball
3-0: Swinging Strike
3-1: Foul Ball, location: 2F
3-2: Strikes out swinging
Bottom of the 3rd over - 2 runs, 2 hits, 0 errors, 1 left on base; Greeneville 4 - Oakland (APP) 6
TOP OF THE 4TH
Greeneville Astros batting - Pitching for Oakland (APP) Athletics : LHP Josh Bologna
Batting: RHB Devon Healy 0-0: Ball
1-0: Called Strike
1-1: Swinging Strike
1-2: Ground out 1-3 (Groundball, 13S, EV 68.8 MPH)
Batting: LHB Gong Tow 0-0: Ground out 6-3 (Groundball, 6M, EV 83.1 MPH)
Batting: RHB John Moore 0-0: Ball
1-0: Swinging Strike
1-1: Ground out 6-3 (Groundball, 6, EV 81.2 MPH)
Top of the 4th over - 0 runs, 0 hits, 0 errors, 0 left on base; Greeneville 4 - Oakland (APP) 6
BOTTOM OF THE 4TH
Oakland (APP) Athletics batting - Pitching for Greeneville Astros : RHP Vinny Salazar
Batting: RHB Scott Lister 0-0: Ball
1-0: Ball
2-0: Foul Ball, location: 2F
2-1: Foul Ball, location: 2F
2-2: Ball
3-2: SINGLE (Groundball, 6D, EV 113.1 MPH)
Batting: RHB Gabe Secundino 0-0: Fly out, F7 (Line Drive, 78M, EV 102.5 MPH)
Batting: LHB Alejandro Muniz 0-0: Ball
Scott Lister steals 2nd base
1-0: Ball
Scott Lister is caught stealing 3rd base 2-5
2-0: Called Strike
2-1: Foul Ball, location: 2F
2-2: Ground out 5-3 (Groundball, 5S, EV 70.6 MPH)
Bottom of the 4th over - 0 runs, 1 hit, 0 errors, 0 left on base; Greeneville 4 - Oakland (APP) 6
TOP OF THE 5TH
Greeneville Astros batting - Pitching for Oakland (APP) Athletics : LHP Josh Bologna
Batting: RHB Keith Goodwin 0-0: Ball
1-0: Ball
2-0: Ground out 6-3 (Groundball, 6S, EV 88.1 MPH)
Batting: RHB Yoshitoshi Mori 0-0: Ball
1-0: Called Strike
1-1: Ball
2-1: Ball
3-1: Ground out 6-3 (Groundball, 6, EV 84.4 MPH)
Batting: RHB Hugo Priego 0-0: Ball
1-0: Ball
2-0: Ball
3-0: Base on Balls
Pitching: RHP Quincy Potvin
Batting: RHB Roger Pelley 0-0: SINGLE (Groundball, 6, EV 99.4 MPH)
Hugo Priego to second
Batting: LHB Guadalupe Gonzalez 0-0: Ball
1-0: Foul Ball, location: 2F
1-1: Ball
2-1: Fly out, F9 (Line Drive, 89M, EV 87.5 MPH)
Top of the 5th over - 0 runs, 1 hit, 0 errors, 2 left on base; Greeneville 4 - Oakland (APP) 6
BOTTOM OF THE 5TH
Oakland (APP) Athletics batting - Pitching for Greeneville Astros : RHP Vinny Salazar
Batting: LHB Roscoe Romaine 0-0: Foul Ball, location: 2F
0-1: DOUBLE (Flyball, 78D, EV 104.4 MPH)
Batting: RHB Rafael Alarcon 0-0: Fly out, F4 (Popup, 4, EV 69.4 MPH)
Pitching: RHP Kuaika Anakala
Batting: RHB Ryan Jennings 0-0: Ground out 6-3 (Groundball, 6, EV 81.2 MPH)
Batting: LHB Felipe Gomez 0-0: Swinging Strike
0-1: Ball
1-1: Ball
2-1: Ball
3-1: Called Strike
3-2: Base on Balls
Batting: RHB Phoctor Dill 0-0: Fly out, F9 (Flyball, 9, EV 95.0 MPH)
Bottom of the 5th over - 0 runs, 1 hit, 0 errors, 2 left on base; Greeneville 4 - Oakland (APP) 6
TOP OF THE 6TH
Greeneville Astros batting - Pitching for Oakland (APP) Athletics : RHP Quincy Potvin
Batting: LHB Ryan Fridley 0-0: Ball
1-0: Ball
2-0: Foul Ball, location: 2F
2-1: Called Strike
2-2: Strikes out swinging
Batting: RHB Devon Healy 0-0: Called Strike
0-1: Ground out 5-3 (Groundball, 56S, EV 84.4 MPH)
Batting: LHB Gong Tow 0-0: Ball
1-0: Ball
2-0: Ball
3-0: Called Strike
3-1: Foul Ball, location: 2F
3-2: Ground out 6-3 (Groundball, P, EV 85.6 MPH)
Top of the 6th over - 0 runs, 0 hits, 0 errors, 0 left on base; Greeneville 4 - Oakland (APP) 6
BOTTOM OF THE 6TH
Oakland (APP) Athletics batting - Pitching for Greeneville Astros : RHP Kuaika Anakala
Batting: LHB Bill Helmer 0-0: Swinging Strike
0-1: Ball
1-1: Foul Ball, location: 2F
1-2: Foul Ball, location: 2F
1-2: Ball
2-2: Strikes out swinging
Batting: RHB Scott Lister 0-0: Ball
1-0: Swinging Strike
1-1: Called Strike
1-2: Fly out, F9 (Flyball, 89M, EV 88.8 MPH)
Batting: RHB Gabe Secundino 0-0: Called Strike
0-1: Called Strike
0-2: SINGLE (Groundball, 56D, EV 108.8 MPH)
Pitching: LHP Joey Callanta
Batting: LHB Alejandro Muniz 0-0: Ball
1-0: Fly out, F8 (Flyball, 8LM, EV 88.1 MPH)
Bottom of the 6th over - 0 runs, 1 hit, 0 errors, 1 left on base; Greeneville 4 - Oakland (APP) 6
TOP OF THE 7TH
Greeneville Astros batting - Pitching for Oakland (APP) Athletics : RHP Quincy Potvin
Batting: RHB John Moore 0-0: Ball
1-0: Called Strike
1-1: Ball
2-1: Ball
3-1: Foul Ball, location: 2F
3-2: Base on Balls
Batting: RHB Keith Goodwin 0-0: Called Strike
0-1: Called Strike
0-2: Foul Ball, location: 2F
0-2: Foul Ball, location: 2F
0-2: SINGLE (Groundball, 6MD, EV 101.9 MPH)
John Moore to second
Runner from 2nd tries for 3rd, SAFE, throw by CF made to third
Batting: RHB Yoshitoshi Mori 0-0: Ball
1-0: Ball
2-0: Ball
3-0: Base on Balls
Keith Goodwin to second
Batting: RHB Hugo Priego 0-0: Ball
1-0: Fly out, F8 (Flyball, 8LD, EV 90.0 MPH)
Runner from 3rd tags up, SCORES, throw by CF
Keith Goodwin to third
Batting: RHB Roger Pelley 0-0: Ball
1-0: Called Strike
1-1: Swinging Strike
1-2: Strikes out looking
Pitching: LHP Noah Young
Batting: LHB Guadalupe Gonzalez 0-0: Called Strike
0-1: 3-RUN HOME RUN (Flyball, 89XD, EV 98.1 MPH), Distance : 386 ft
Batting: LHB Ryan Fridley 0-0: Called Strike
0-1: Called Strike
0-2: Strikes out swinging
Top of the 7th over - 4 runs, 2 hits, 0 errors, 0 left on base; Greeneville 8 - Oakland (APP) 6
BOTTOM OF THE 7TH
Oakland (APP) Athletics batting - Pitching for Greeneville Astros : LHP Joey Callanta
Batting: LHB Roscoe Romaine 0-0: Ball
1-0: Ball
2-0: Ball
3-0: Called Strike
3-1: Foul Ball, location: 2F
3-2: Foul Ball, location: 2F
3-2: Foul Ball, location: 2F
3-2: SOLO HOME RUN (Flyball, 9D, EV 101.2 MPH), Distance : 391 ft
Batting: RHB Rafael Alarcon 0-0: Called Strike
0-1: Foul Ball, location: 2F
0-2: Strikes out swinging
Batting: RHB Ryan Jennings 0-0: Foul Ball, location: 2F
0-1: Ball
1-1: SINGLE (Line Drive, 9S, EV 93.8 MPH)
Batting: LHB Felipe Gomez 0-0: Ball
1-0: Ball
2-0: Ball
3-0: Base on Balls
Ryan Jennings to second
Batting: RHB Phoctor Dill 0-0: Ball
1-0: Foul Ball, location: 2F
1-1: Grounds into double play, 6-4-3 (Groundball, 6, EV 86.2 MPH)
Bottom of the 7th over - 1 run, 2 hits, 0 errors, 1 left on base; Greeneville 8 - Oakland (APP) 7
TOP OF THE 8TH
Greeneville Astros batting - Pitching for Oakland (APP) Athletics : LHP Noah Young
Batting: RHB Devon Healy 0-0: Called Strike
0-1: Ball
1-1: Called Strike
1-2: Ball
2-2: Ball
3-2: Strikes out swinging
Batting: LHB Gong Tow 0-0: Ball
1-0: Ball
2-0: Called Strike
2-1: Ground out U3 (Groundball, 3, EV 76.9 MPH)
Batting: RHB John Moore 0-0: Ball
1-0: Called Strike
1-1: Swinging Strike
1-2: Foul Ball, location: 2F
1-2: Ball
2-2: Foul Ball, location: 2F
2-2: Ball
3-2: Base on Balls
Batting: RHB Keith Goodwin 0-0: Called Strike
0-1: Ball
1-1: Called Strike
1-2: Fielders Choice at 2nd, 6-4 (Groundball, 6, EV 85.0 MPH)
Top of the 8th over - 0 runs, 0 hits, 0 errors, 1 left on base; Greeneville 8 - Oakland (APP) 7
BOTTOM OF THE 8TH
Oakland (APP) Athletics batting - Pitching for Greeneville Astros : LHP Joey Callanta
Pinch Hitting: RHB Pete Goerge 0-0: Ball
1-0: Ball
2-0: Ball
3-0: Base on Balls
Batting: RHB Scott Lister 0-0: Ball
1-0: Foul Ball, location: 2F
1-1: Ball
2-1: Ball
3-1: Fly out, F9 (Flyball, 89M, EV 80.6 MPH)
Batting: RHB Gabe Secundino 0-0: Foul Ball, location: 2F
0-1: 2-RUN HOME RUN (Flyball, 78XD, EV 105.0 MPH), Distance : 423 ft
Pitching: RHP Steve Kelly
Batting: LHB Alejandro Muniz 0-0: Ball
1-0: Swinging Strike
1-1: Ball
2-1: Fly out, F9 (Line Drive, 9LD, EV 91.2 MPH)
Batting: LHB Roscoe Romaine 0-0: Ball
1-0: SOLO HOME RUN (Flyball, 7D, EV 99.4 MPH), Distance : 373 ft
Batting: RHB Rafael Alarcon 0-0: Ground out 4-3 (Groundball, 4, EV 90.0 MPH)
Bottom of the 8th over - 3 runs, 2 hits, 0 errors, 0 left on base; Greeneville 8 - Oakland (APP) 10
TOP OF THE 9TH
Greeneville Astros batting - Pitching for Oakland (APP) Athletics : LHP Noah Young
Pitching: RHP Jason Palmer
Now in CF: Nathaniel Adderley
Batting: RHB Yoshitoshi Mori 0-0: Called Strike
0-1: Called Strike
0-2: Foul Ball, location: 2F
0-2: Ground out 6-3 (Groundball, 6, EV 86.9 MPH)
Batting: RHB Hugo Priego 0-0: Ball
1-0: Called Strike
1-1: DOUBLE (Line Drive, 9LS, EV 98.8 MPH)
Batting: RHB Roger Pelley 0-0: Ball
1-0: Called Strike
1-1: Called Strike
1-2: Strikes out swinging
Batting: LHB Guadalupe Gonzalez 0-0: Ground out 4-3 (Groundball, 34D, EV 103.1 MPH)
Top of the 9th over - 0 runs, 1 hit, 0 errors, 1 left on base; Greeneville 8 - Oakland (APP) 10
Tuesday, March 28th , 2023 - OOTP Baseball 23.10 Build 110